 Dungeon Crawl Stone Soup version 0.19.3-1-g3169bf9 (webtiles) character file.

278756 nono the Peltast (level 21, -3/154 HPs)
             Began as a Halfling Assassin on Jan 25, 2017.
             Was a High Priest of Qazlal.
             Killed from afar by a purple draconian (45 damage)
             ... with a bolt of dispelling energy
             ... in a wizard's laboratory.
             The game lasted 04:21:43 (43625 turns).

nono the Peltast (Halfling Assassin)               Turns: 43625, Time: 04:21:44

Health: -3/154     AC: 25    Str: 27    XL:     21   Next: 29%
Magic:  32/32      EV: 23    Int:  9    God:    Qazlal [*****.]
Gold:   2636       SH: 29    Dex: 23    Spells: 4 memorised, 8 levels left

rFire  . . .     SeeInvis .     a - +5 scimitar (flame)
rCold  . . .     Gourm    .     V - +1 chain mail {MR+}
rNeg   . . .     Faith    .     J - +0 shield {reflect}
rPois  +         Spirit   .     c - +2 hat
rElec  +         Reflect  +     W - +2 cloak
rCorr  +         Harm     .     K - +1 pair of gloves of Voakishe {*Drain Str+8 Dex+4}
MR     ++...                    Y - +2 pair of boots "Eneshit" {rElec}
Stlth  ..........               X - +6 amulet of reflection
                                s - ring of resist corrosion
                                v - ring of poison resistance

@: repel missiles
A: mutation resistance 2, robust 1
a: Upheaval, Elemental Force, Disaster Area, Renounce Religion
}: 2/15 runes: decaying, gossamer


You were in a wizard's laboratory.
You worshipped Qazlal.
Qazlal was extremely pleased with you.
You were very hungry.

You visited 7 branches of the dungeon, and saw 35 of its levels.
You visited the Abyss 1 time.
You also visited: Ossuary, Ice Cave and Wizlab.

You collected 3255 gold pieces.
You spent 619 gold pieces at shops.

Inventory:

Hand Weapons
 a - a +5 scimitar of flaming (weapon)
 A - the +9 dagger "Coonivvo" {pierce, rF+ Str+3}
   (You found it on level 4 of the Dungeon)

   It inflicts extra damage upon your enemies.
   It affects your strength (+3).
   It protects you from fire.
 G - a +4 blowgun
Missiles
 d - 5 needles of frenzy
 D - 3 needles of sleeping
 F - 9 curare-tipped needles
Armour
 c - a +2 hat (worn)
 r - the +0 leather armour of a wizard's laboratory {rC++ rN+}
   (You found it on level 3 of the Lair of Beasts)

   It greatly protects you from cold.
   It protects you from negative energy.
 J - a +0 shield of reflection (worn)
 K - the +1 pair of gloves of Voakishe (worn) {*Drain Str+8 Dex+4}
   (You found it on level 2 of the Swamp)

   It affects your strength (+8).
   It affects your dexterity (+4).
   It causes draining when unequipped.
 L - a +3 plate armour
 V - a +1 chain mail of magic resistance (worn)
 W - a +2 cloak (worn)
 Y - the +2 pair of boots "Eneshit" (worn) {rElec}
   (You found it on level 14 of the Dungeon)

   It insulates you from electricity.
Jewellery
 s - a ring of resist corrosion (right hand)
 v - a ring of poison resistance (left hand)
 w - the ring of Rationality {Wiz +Fly Dex+2}
   (You found it on level 6 of the Lair of Beasts)

   [ring of wizardry]

   It improves your spell success rate.
   It affects your dexterity (+2).
   It lets you fly.
 Q - an uncursed ring of protection from fire
 X - a +6 amulet of reflection (around neck)
 Z - an uncursed amulet of rage
Wands
 b - a wand of teleportation (4/9)
 B - a wand of acid (5/15)
 H - a wand of iceblast (3/15)
 P - a wand of hasting (1/9)
 R - a wand of digging (10/24)
Scrolls
 f - a scroll of summoning
 h - a scroll of magic mapping
 j - 6 scrolls of enchant armour
 o - 5 scrolls of recharging
 q - 3 scrolls of blinking
 u - 24 scrolls of remove curse
 x - 6 scrolls of enchant weapon
 y - 7 scrolls of fog
 E - 17 scrolls of teleportation
 N - 3 scrolls of fear
Potions
 e - 2 potions of magic
 k - 7 potions of flight
 m - 2 potions of heal wounds
 p - 9 potions of curing
 t - 5 potions of cure mutation
 z - 3 potions of lignification
 I - 4 potions of haste
 M - a potion of might
 S - 3 potions of berserk rage
 T - 4 potions of agility
 U - 4 potions of resistance
Comestibles
 g - 16 bread rations
 i - 11 beef jerkies
 n - 18 meat rations
 C - 14 royal jellies
 O - a slice of pizza


   Skills:
 + Level 11.2 Fighting
 - Level 2.4(12.0) Short Blades
 - Level 15.0 Long Blades
 - Level 8.2 Throwing
 - Level 13.6 Armour
 - Level 13.8 Dodging
 - Level 4.6 Stealth
 - Level 15.9 Shields
 + Level 3.2 Hexes
 - Level 6.5 Translocations
 * Level 5.3 Air Magic
 - Level 15.9 Invocations
 - Level 8.2 Evocations


You had 8 spell levels left.
You knew the following spells:

 Your Spells              Type           Power        Failure   Level  Hunger
a - Blink                 Tloc           N/A          28%         2    ###....
b - Confuse               Hex            #.......     99%         3    ####...
c - Silence               Hex/Air        #.........   100%        5    ######.
d - Repel Missiles        Chrm/Air       #.....       96%         2    ###....


Dungeon Overview and Level Annotations

Branches:
Dungeon (15/15)            Temple (0/1) D:6            Lair (6/6) D:9
  Swamp (4/4) Lair:3       Spider (4/4) Lair:3        Slime (0/5) Lair:6
    Orc (2/2) D:11            Elf (0/3) Orc:2        Vaults (2/5) D:14
  Crypt (0/3) Vaults:2     Depths (2/5) D:15

Altars:
Ashenzari
Cheibriados
Dithmenos
Elyvilon
Fedhas
Kikubaaqudgha
Makhleb
Nemelex Xobeh
Qazlal
Trog
Zin
The Shining One
Beogh
Lugonu

Shops:
D:5 ?   D:11 (   Orc:2 **((   Depths:1 [}*

Portals:
Hell: Depths:1
Abyss: Depths:1 Depths:2

Annotations:
Lair:6 exclusion: oklob plant WizLab exclusion: statue


Innate Abilities, Weirdness & Mutations

You are small and have problems with some larger weapons.
You are somewhat resistant to both further mutation and mutation removal.
You are robust. (+10% HP)


Message History

You closely miss the purple draconian.
The purple draconian is almost dead.
The purple draconian hits you but does no damage.
You slice the purple draconian!! You burn the purple draconian.
You kill the purple draconian!
Qazlal accepts your kill.
Press: ? - help, v - describe, . - travel, g - get item
Here: a purple draconian, wielding a hand axe A short sword.
There is something else lying underneath.
An empty arch of ancient stone, spattered with blood.
You slice the purple draconian!! You burn the purple draconian.
The purple draconian is moderately wounded.
The purple draconian breathes dispelling energy at you.
The bolt of dispelling energy misses you.
You slash the purple draconian! You burn the purple draconian.
The purple draconian is heavily wounded.
The purple draconian breathes dispelling energy at you.
The bolt of dispelling energy hits you!
You die...

############ #
##..#.#.#.#.#.#
##§##∩#§#.#.#.#.
#§#§###.#...§§..
#@##§§.......§..
##d#§§§.......§.
#))#e.........§.
##))*e.e.8....§.
#.##.d.......§.#
##.....d.....§##
#.#..........#.#
##..........#.#.
#.#........###.#


You could see a purple draconian.

Vanquished Creatures
  Arachne (Spider:3)
  Jorgrun (Swamp:3)
  Frances (D:13)
  2 thorn hunters
  Donald (Spider:2)
  Kirke (D:13)
  Agnes (Spider:2)
  A tengu reaver (D:15)
  2 vault wardens (D:14)
  4 ghost moths
  5 emperor scorpions
  A fire giant (Depths:1)
  A deep elf sorcerer (Vaults:1)
  A frost giant (Depths:1)
  Louise (Swamp:1)
  A caustic shrike skeleton (Depths:1)
  A reaper (Abyss:2)
  2 very ugly things (D:15)
  3 ironheart preservers
  6 entropy weavers
  The ghost of Sagrath01 the Carver, a journeyman DsGl of Okawaru (Swamp:1)
  2 stone giants
  3 deep elf demonologists (Vaults:1)
  Azrael (Spider:1)
  2 purple draconians (WizLab)
  2 ettins (Depths:1)
  A blizzard demon (Abyss:2)
  Josephine (Swamp:1)
  3 fire dragons
  An ogre mage (D:15)
  21 hydras
  A vault guard (Vaults:1)
  3 great orbs of eyes
  Erolcha (D:11)
  An ice dragon (Vaults:1)
  2 rakshasas
  An anaconda (shapeshifter) (Vaults:1)
  7 centaur warriors
  2 catoblepae
  A ghost crab (Swamp:3)
  7 alligators
  4 tengu warriors (D:14)
  5 deep troll shamans
  An orc high priest (Orc:2)
  Urug (D:10)
  4 thrashing horrors (Abyss:2)
  The ghost of Alarkh the Basher, a novice OgMo of Okawaru (D:8)
  5 deep elf knights (Vaults:1)
  Sonja (Lair:3)
  A wretched star (Abyss:2)
  A sixfirhy (Abyss:2)
  3 skeletal warriors (D:14)
  6 iron trolls
  10 unseen horrors
  2 deep elf archers (Vaults:1)
  9 deep trolls
  A golden dragon zombie (Depths:2)
  4 spriggan druids
  A storm dragon skeleton (Depths:1)
  11 swamp dragons
  2 shambling mangroves
  6 ironbrand convokers
  4 hill giants
  2 wizards
  4 large abominations
  6 necromancers
  11 orb spiders
  13 deep elf magi
  30 ugly things
  A stone giant zombie (Vaults:1)
  8 orc sorcerers
  4 orc knights
  22 wolf spiders
  A wolf spider zombie (D:14)
  4 cyclopes
  A tengu skeleton (Depths:2)
  A worldbinder (Abyss:2)
  The ghost of Thrillho the Carver, a novice OpFi (D:5)
  3 starcursed masses (Abyss:2)
  A frost giant skeleton (Depths:1)
  2 moths of wrath
  13 elephants
  Maurice (D:9)
  4 black mambas (Lair:6)
  3 ice statues (IceCv)
  4 gargoyles
  3 naga magi (D:15)
  3 centaur zombies
  A torpor snail (Spider:4)
  2 smoke demons (Abyss:2)
  14 spiny frogs
  3 molten gargoyles (Lair:6)
  5 centaur skeletons
  3 vault sentinels
  An efreet (D:14)
  2 rime drakes
  An orange demon (Abyss:2)
  3 yaktaurs
  7 komodo dragons
  2 kobold demonologists (D:14)
  11 ice devils (IceCv)
  An ancient zyme (Abyss:2)
  4 tengu conjurers
  8 demonic crawlers
  A yaktaur skeleton (Depths:1)
  6 trolls
  3 meliai (D:13)
  10 tyrant leeches
  35 jumping spiders
  6 two-headed ogres
  A wind drake (shapeshifter) (Vaults:1)
  A queen bee (D:13)
  2 polar bears
  Grinder (D:4)
  16 hornets
  A hippogriff (shapeshifter) (Vaults:1)
  7 hippogriffs
  4 bog bodies
  An ettin zombie (Depths:1)
  4 blink frogs
  24 slime creatures
  A spriggan zombie (Depths:1)
  A stone giant simulacrum (Vaults:1)
  26 tarantellas
  2 ice dragon skeletons
  52 yaks
  62 redbacks
  A ynoxinul (Abyss:2)
  4 wyverns
  6 spriggans
  2 vampires
  12 wraiths
  4 fire elementals (Spider:1)
  3 hogs (D:9)
  7 basilisks
  6 humans
  27 vampire mosquitoes
  Grum (D:9)
  A yaktaur simulacrum (Vaults:1)
  2 steam dragons
  5 hungry ghosts
  11 wargs
  4 mottled dragons
  A soldier ant (D:12)
  25 swamp worms
  6 water moccasins
  3 insubstantial wisps
  6 porcupines
  Duvessa (D:7)
  4 hell hounds
  9 swamp drakes
  27 orc warriors
  5 ice beasts
  8 sky beasts
  4 black bears
  4 phantoms
  7 necrophages
  17 ogres
  11 wolves
  An eye of draining (D:12)
  22 centaurs
  10 crocodiles
  3 big kobolds (D:14)
  3 elf zombies
  11 small abominations
  22 bullfrogs
  Dowan (D:7)
  6 scorpions
  45 killer bees
  12 wights
  3 electric eels
  4 howler monkeys
  9 crimson imps
  A quasit (D:7)
  5 lava snakes (Lair:6)
  10 hounds
  A draconian simulacrum (IceCv)
  4 jellies
  30 orc priests
  5 human zombies
  3 bullfrog zombies
  4 bullfrog skeletons
  46 orc wizards
  2 iguanas
  18 worker ants
  A troll simulacrum (IceCv)
  2 spriggan simulacra
  A big kobold zombie (Ossuary)
  2 centaur simulacra (IceCv)
  2 hound zombies
  A hound skeleton (D:11)
  4 mummies (Ossuary)
  A howler monkey zombie (D:8)
  4 gnolls (D:3)
  3 ogre simulacra (IceCv)
  12 adders
  2 naga simulacra (IceCv)
  5 shadow imps
  An ooze (D:3)
  2 adder skeletons
  2 dart slugs (D:1)
  3 leopard geckos
  70 orcs
  12 giant cockroaches
  A gnoll zombie (Ossuary)
  10 goblins
  10 hobgoblins
  2 jackals (D:8)
  4 quokkas
  A ball python skeleton (D:4)
  7 bats
  5 frilled lizards
  A hobgoblin zombie (Ossuary)
  A jackal skeleton (D:5)
  15 kobolds
  A kobold zombie (Ossuary)
  A leopard gecko skeleton (D:6)
  A quokka skeleton (D:8)
  2 quokka zombies
  4 rats
  A rat zombie (Ossuary)
  2 butterflies (D:5)
  14 fungi
  2 lurking horrors (Abyss:2)
  12 plants
1407 creatures vanquished.

Vanquished Creatures (collateral kills)
  An ironbrand convoker (Vaults:1)
  A cyclops (Vaults:1)
  A crocodile (Lair:3)
3 creatures vanquished.

Vanquished Creatures (others)
  Nikola (Swamp:2)
  A lich (Vaults:1)
  Nessos (D:13)
  2 yaktaur captains
  A vault guard (Vaults:1)
  4 centaur warriors
  A fire crab (Lair:6)
  A spriggan druid (Swamp:4)
  An unseen horror (D:13)
  3 deep elf archers (Vaults:1)
  An orc knight (Vaults:1)
  3 cyclopes
  A spiny frog (Swamp:3)
  7 yaktaurs
  2 slime creatures
  A hell hound (Lair:6)
  A swamp drake (Swamp:3)
  2 centaurs
  An orc priest (Orc:2)
  A hobgoblin zombie (Ossuary)
  A briar patch (Swamp:4)
  4 fungi
  3 plants
44 creatures vanquished.

Grand Total: 1454 creatures vanquished

Notes
Turn   | Place    | Note
-------+----------+-------------------------------------------
     0 | D:1      | nono the Halfling Assassin began the quest for the Orb.
     0 | D:1      | Reached XP level 1. HP: 14/14 MP: 1/1
   156 | D:1      | Reached XP level 2. HP: 13/19 MP: 2/2
   477 | D:1      | Reached skill level 1 in Armour
   477 | D:1      | Reached XP level 3. HP: 24/24 MP: 3/3
  1496 | D:3      | Found a burning altar of Makhleb.
  1496 | D:3      | Found a glowing silver altar of Zin.
  1496 | D:3      | Found a shadowy altar of Dithmenos.
  1497 | D:3      | Found a stormy altar of Qazlal.
  1503 | D:3      | Found an ancient bone altar of Kikubaaqudgha.
  1506 | D:3      | Found a shattered altar of Ashenzari.
  1513 | D:3      | Became a worshipper of Qazlal Stormbringer
  1639 | D:3      | Found a faded altar of an unknown god.
  1669 | D:3      | Reached XP level 4. HP: 19/29 MP: 4/4
  1680 | D:3      | Found a glowing drain.
  1904 | D:3      | Reached XP level 5. HP: 29/34 MP: 5/5
  2027 | D:3      | Reached * piety under Qazlal
  2084 | D:3      | Found a blossoming altar of Fedhas.
  2522 | D:4      | Got a brightly glowing dagger
  2523 | D:4      | Identified the +9 dagger "Coonivvo" {pierce, rF+ Str+3} (You found it on level 4 of the Dungeon)
  2592 | D:4      | Reached XP level 6. HP: 29/39 MP: 6/6
  2844 | D:4      | Noticed Grinder
  2845 | D:4      | Paralysed by Grinder for 2 turns
  2852 | D:4      | Paralysed by Grinder for 7 turns
  2868 | D:4      | Killed Grinder
  2868 | D:4      | Reached skill level 5 in Dodging
  2868 | D:4      | Reached XP level 7. HP: 32/44 MP: 7/7
  2990 | D:4      | Reached skill level 5 in Armour
  3298 | D:5      | Entered Level 5 of the Dungeon
  3371 | D:5      | Found Quoxiduxt's Magic Scroll Emporium.
  3376 | D:5      | Bought a scroll of teleportation for 39 gold pieces
  3376 | D:5      | Bought a scroll of identify for 26 gold pieces
  3377 | D:5      | Bought a scroll of identify for 26 gold pieces
  3396 | D:5      | Noticed Thrillho's ghost (novice OpFi)
  3407 | D:5      | Killed Thrillho's ghost
  3407 | D:5      | Reached XP level 8. HP: 43/49 MP: 8/8
  3449 | D:5      | Found a runed door.
  3469 | D:5      | Found a runed door.
  3627 | D:5      | Reached ** piety under Qazlal
  3742 | D:5      | Bought a scroll of identify for 26 gold pieces
  3835 | D:6      | Found a staircase to the Ecumenical Temple.
  3845 | D:6      | Reached XP level 9. HP: 54/54 MP: 9/9
  4092 | D:6      | Found a white marble altar of Elyvilon.
  4093 | D:6      | Found a snail-covered altar of Cheibriados.
  4093 | D:6      | Found a bloodstained altar of Trog.
  4093 | D:6      | Found a glowing golden altar of the Shining One.
  4574 | D:7      | Reached skill level 1 in Invocations
  4624 | D:7      | Found a sand-covered staircase.
  4632 | Ossuary  | Entered an ossuary
  4884 | D:7      | Reached *** piety under Qazlal
  4891 | D:7      | Reached skill level 5 in Invocations
  4992 | D:7      | Reached XP level 10. HP: 60/60 MP: 10/14
  5450 | D:7      | Noticed Dowan
  5459 | D:7      | Reached skill level 1 in Long Blades
  5460 | D:7      | Noticed Duvessa
  5476 | D:7      | Killed Duvessa
  5485 | D:7      | Killed Dowan
  5910 | D:8      | Noticed Alarkh's ghost (novice OgMo)
  5975 | D:8      | HP: 2/60 [Alarkh's ghost (17)]
  6394 | D:8      | Killed Alarkh's ghost
  7098 | D:9      | Reached XP level 11. HP: 58/64 MP: 17/17
  7142 | D:9      | Found a staircase to the Lair.
  7142 | D:9      | Noticed Grum
  7160 | D:9      | Killed Grum
  7174 | D:9      | Reached skill level 10 in Dodging
  7335 | D:9      | Reached skill level 5 in Long Blades
  7377 | D:9      | Killed an unseen horror
  7398 | D:9      | Reached skill level 10 in Armour
  7453 | D:9      | Noticed Maurice
  7475 | D:9      | Killed Maurice
  7674 | D:9      | Learned a level 2 spell: Blink
  8189 | D:10     | Entered Level 10 of the Dungeon
  8616 | D:10     | Noticed Urug
  8911 | D:10     | Reached **** piety under Qazlal
  8911 | D:10     | Reached skill level 10 in Invocations
  8936 | D:10     | Killed Urug
  9251 | D:10     | Reached XP level 12. HP: 65/70 MP: 19/19
  9416 | Lair:1   | Entered Level 1 of the Lair of Beasts
 10535 | Lair:2   | Reached skill level 5 in Fighting
 10717 | Lair:3   | Noticed Sonja
 10730 | Lair:3   | Killed Sonja
 10944 | Lair:3   | Got a tiger eye-encrusted leather armour
 10955 | Lair:3   | Identified the cursed +0 leather armour of a wizard's laboratory {rC++ rN+} (You found it on level 3 of the Lair of Beasts)
 11393 | Lair:3   | Noticed a catoblepas
 11419 | Lair:3   | Killed a catoblepas
 11552 | Lair:3   | Reached XP level 13. HP: 67/88 MP: 20/20
 12070 | Lair:3   | Found a staircase to the Swamp.
 12250 | Lair:3   | Found a hole to the Spider Nest.
 13563 | Lair:5   | Noticed a four-headed hydra
 13580 | Lair:5   | Killed a four-headed hydra
 13708 | Lair:5   | Reached skill level 1 in Shields
 13754 | Lair:5   | Noticed a five-headed hydra
 13767 | Lair:5   | Killed a five-headed hydra
 14138 | Lair:5   | Noticed a five-headed hydra
 14139 | Lair:5   | Noticed a seven-headed hydra
 14149 | Lair:5   | Killed a five-headed hydra
 14150 | Lair:5   | Killed a seven-headed hydra
 14150 | Lair:5   | Reached skill level 5 in Shields
 14298 | Lair:5   | Noticed a catoblepas
 14332 | Lair:5   | Killed a catoblepas
 14635 | Lair:6   | Entered Level 6 of the Lair of Beasts
 14635 | Lair:6   | Found a staircase to the Slime Pits.
 14808 | Lair:6   | Noticed a four-headed hydra
 14817 | Lair:6   | Reached XP level 14. HP: 95/95 MP: 22/22
 14896 | Lair:6   | Got an opalescent robe
 14915 | Lair:6   | Identified the +2 robe of Dim Light {+Inv Str+3 Dex+3 SInv} (You found it on level 6 of the Lair of Beasts)
 15643 | Lair:6   | Reached skill level 10 in Shields
 15704 | Lair:6   | Found a large runed door.
 15705 | Lair:6   | Found a large runed door.
 15798 | Lair:6   | Got a fine wooden ring
 15800 | Lair:6   | Identified the ring of Rationality {Wiz +Fly Dex+2} (You found it on level 6 of the Lair of Beasts)
 16499 | D:11     | Learned a level 3 spell: Confuse
 16580 | D:11     | Reached ***** piety under Qazlal
 16744 | D:11     | Noticed Erolcha
 16760 | D:11     | Killed Erolcha
 16809 | D:11     | Found a staircase to the Orcish Mines.
 16900 | Orc:1    | Entered Level 1 of the Orcish Mines
 16968 | Orc:1    | Found a frozen archway.
 16975 | IceCv    | Entered an ice cave
 17516 | IceCv    | Got a tattered robe
 17527 | IceCv    | Identified the cursed +1 robe "Plog" {rElec rF+ Dex-2 Slay+4} (You found it in an ice cave)
 17934 | Orc:2    | Entered Level 2 of the Orcish Mines
 18212 | Orc:2    | Reached XP level 15. HP: 79/99 MP: 18/23
 19205 | Orc:2    | Found Fuuh's Assorted Antiques.
 19229 | Orc:2    | Found Rasawaev's Weapon Emporium.
 19229 | Orc:2    | Found Hugo's Antique Weapon Emporium.
 19232 | Orc:2    | Found Nefemequahy's Assorted Antiques.
 19261 | Orc:2    | Bought a scroll labeled FASSEILUDA for 27 gold pieces
 19264 | Orc:2    | Bought a small agate ring for 135 gold pieces
 19269 | Orc:2    | Bought a warped scimitar for 270 gold pieces
 19273 | Orc:2    | Identified the +0 scimitar of Amorality {slice, rElec rF- rN+ Int+4} (You bought it in a shop on level 2 of the Orcish Mines)
 19465 | Orc:2    | Reached ****** piety under Qazlal
 19724 | Orc:2    | Found a staircase to the Elven Halls.
 19751 | Orc:2    | Found a roughly hewn altar of Beogh.
 20411 | D:11     | Found Zawaman's Antique Weapon Shoppe.
 21788 | D:13     | Reached skill level 10 in Long Blades
 21858 | D:13     | Noticed Frances
 21884 | D:13     | Killed Frances
 21959 | D:13     | Noticed Nessos
 21969 | D:13     | Killed Nessos
 22043 | D:13     | Noticed Kirke
 22050 | D:13     | Killed Kirke
 22950 | D:14     | Learned a level 5 spell: Silence
 23034 | D:14     | Got a pair of distressingly furry boots
 23040 | D:14     | Identified the +2 pair of boots "Eneshit" {rElec} (You found it on level 14 of the Dungeon)
 23103 | D:14     | Reached XP level 16. HP: 80/108 MP: 25/25
 23157 | D:14     | Gained mutation: You tend to lose your temper in combat. [mutagenic meat]
 23159 | D:14     | Gained mutation: You are frail. (-10% HP) [mutagenic meat]
 23160 | D:14     | Lost mutation: You are frail. (-10% HP) [potion of cure mutation]
 23160 | D:14     | Lost mutation: You tend to lose your temper in combat. [potion of cure mutation]
 23664 | D:14     | Found a gate to the Vaults.
 24092 | D:14     | Reached skill level 5 in Throwing
 24545 | D:15     | Entered Level 15 of the Dungeon
 24917 | D:15     | Found a sparkling altar of Nemelex Xobeh.
 24963 | D:15     | Gained mutation: You are robust. (+10% HP) [mutagenic meat]
 25482 | D:15     | Found a staircase to the Depths.
 25487 | Depths:1 | Entered Level 1 of the Depths
 25492 | Depths:1 | Noticed a tengu reaver
 25825 | D:15     | Killed a tengu reaver
 26232 | Swamp:1  | Entered Level 1 of the Swamp
 26249 | Swamp:1  | Reached skill level 1 in Evocations
 26286 | Swamp:1  | Noticed Josephine
 26444 | Swamp:1  | Killed Josephine
 26559 | Swamp:1  | Reached XP level 17. HP: 74/123 MP: 26/26
 26939 | Swamp:1  | Reached skill level 5 in Evocations
 27404 | Swamp:1  | Noticed Sagrath01's ghost (journeyman DsGl)
 27480 | Swamp:1  | Killed Sagrath01's ghost
 27550 | Swamp:2  | Noticed Louise
 27570 | Swamp:1  | Killed Louise
 27854 | Swamp:2  | Noticed Nikola
 27862 | Swamp:2  | Noticed a thorn hunter
 27873 | Swamp:2  | Killed a thorn hunter
 27876 | Swamp:2  | Killed Nikola
 28210 | Swamp:2  | Got a pair of ichor-stained gloves
 28221 | Swamp:2  | Identified the +1 pair of gloves of Voakishe {*Drain Str+8 Dex+4} (You found it on level 2 of the Swamp)
 28667 | Swamp:3  | Noticed Jorgrun
 29010 | Swamp:3  | Killed Jorgrun
 29478 | Swamp:4  | Entered Level 4 of the Swamp
 29486 | Swamp:4  | Noticed a thorn hunter
 29711 | Swamp:4  | Killed a thorn hunter
 29844 | Swamp:4  | Reached XP level 18. HP: 93/129 MP: 18/27
 30798 | Swamp:4  | Got a decaying rune of Zot
 31188 | Spider:1 | Entered Level 1 of the Spider Nest
 31336 | Spider:1 | Noticed Azrael
 31371 | Spider:1 | Killed Azrael
 31801 | Spider:1 | Learned a level 2 spell: Repel Missiles
 32472 | Spider:2 | Noticed Donald
 32496 | Spider:2 | Killed Donald
 32547 | Spider:2 | Noticed Agnes
 32558 | Spider:2 | Killed Agnes
 34156 | Spider:3 | Gained mutation: You are somewhat resistant to both further mutation and mutation removal. [potion of beneficial mutation]
 34321 | Spider:4 | Entered Level 4 of the Spider Nest
 34347 | Spider:4 | Noticed Arachne
 34382 | Spider:3 | Killed Arachne
 34687 | Spider:4 | Reached XP level 19. HP: 136/136 MP: 28/28
 35445 | Spider:3 | Reached skill level 1 in Translocations
 35457 | Spider:3 | Reached skill level 15 in Shields
 36847 | Spider:4 | Got a gossamer rune of Zot
 37268 | Vaults:1 | Entered Level 1 of the Vaults
 37390 | Vaults:1 | Noticed a lich
 37394 | Vaults:1 | Killed a lich
 37674 | Vaults:1 | Reached skill level 5 in Translocations
 37723 | Vaults:1 | Reached skill level 10 in Fighting
 38110 | Vaults:1 | Reached XP level 20. HP: 130/145 MP: 31/31
 38124 | Vaults:1 | Reached skill level 15 in Invocations
 38344 | Vaults:1 | Cast into level 2 of the Abyss (a deep elf sorcerer)
 38429 | Abyss:2  | Noticed a Hell Sentinel
 38730 | Vaults:1 | Escaped the Abyss
 39357 | Depths:1 | Reached skill level 15 in Long Blades
 40518 | Depths:1 | Paralysed by a great orb of eyes for 2 turns
 40552 | Depths:1 | Found Gyergh's Assorted Antiques.
 40555 | Depths:1 | Found Igusk's Gadget Shoppe.
 40557 | Depths:1 | Found Enoefaume's Armour Emporium.
 40561 | Depths:1 | Bought a scroll of identify for 70 gold pieces
 40667 | Depths:1 | Found a gateway to Hell.
 40937 | Depths:1 | Found a one-way gate to the infinite horrors of the Abyss.
 40946 | Depths:1 | Reached skill level 1 in Air Magic
 41115 | Depths:2 | Reached skill level 1 in Hexes
 41482 | Depths:2 | Reached XP level 21. HP: 82/152 MP: 32/32
 41507 | Depths:2 | Found a corrupted altar of Lugonu.
 42177 | Vaults:1 | Noticed a Tzitzimitl
 42366 | Vaults:1 | Noticed a Brimstone Fiend
 43236 | Vaults:2 | Reached skill level 5 in Air Magic
 43293 | Vaults:2 | Found a magical portal.
 43302 | WizLab   | Entered Iskenderun's Mystic Tower
 43625 | WizLab   | Killed from afar by a purple draconian

Skill      XL: |  1  2  3  4  5  6  7  8  9 10 11 12 13 14 15 16 17 18 19 20 21 |
---------------+----------------------------------------------------------------+-----
Dodging        | 2 3 4 5 7 8 9 11 12 13 | 13.8
Armour         | 1 2 3 4 6 7 8 9 10 11 12 13 | 13.6
Invocations    | 5 8 10 11 12 13 14 15 | 15.9
Long Blades    | 4 6 7 9 10 13 14 15 | 15.0
Fighting       | 7 9 10 11 | 11.2
Shields        | 6 11 12 13 14 15 | 15.9
Throwing       | 8 |  8.2
Evocations     | 4 8 |  8.2
Translocations | 5 6 |  6.5
Air Magic      | 2 5 |  5.3
Hexes          | 1 3 |  3.2
Short Blades   | |  2.4
Stealth        | |  4.6

Action                   |  1- 3 |  4- 6 |  7- 9 | 10-12 | 13-15 | 16-18 | 19-21 || total
-------------------------+-------+-------+-------+-------+-------+-------+-------++-------
Melee: Whip              |    90 |   107 |       |       |       |       |       ||   197
       Dagger            |       |    22 |   292 |   871 |  2068 |   374 |    27 ||  3654
       Long sword        |       |       |       |       |   161 |   239 |       ||   400
       Scimitar          |       |       |       |       |    10 |  1286 |  1517 ||  2813
 Fire: Blowgun           |       |       |       |     6 |     1 |       |       ||     7
Invok: Upheaval          |       |       |     1 |     8 |    19 |    21 |    20 ||    69
       Elemental Force   |       |       |       |     1 |       |       |     5 ||     6
 Abil: Evoke Flight      |       |       |       |       |       |    33 |       ||    33
Evoke: Wand              |       |       |       |     6 |     1 |       |       ||     7
  Use: Scroll            |       |     5 |     6 |     5 |    20 |     9 |    10 ||    55
       Potion            |       |     2 |     2 |     3 |     6 |     9 |     7 ||    29
 Stab: Sleeping          |     1 |       |       |       |       |       |       ||     1
       Paralysed         |       |       |       |     1 |       |       |       ||     1
       Distracted        |       |       |       |       |     1 |       |     1 ||     2
       Confused          |       |       |       |       |       |     1 |       ||     1
       Invisible         |       |       |       |       |       |     8 |       ||     8
  Eat: Chunk             |     2 |     4 |     7 |    21 |    37 |    27 |    11 ||   109
       Fruit             |       |       |       |     3 |       |     5 |     6 ||    14
       Pizza             |       |       |       |       |     3 |     9 |       ||    12
       Royal jelly       |       |       |       |       |       |     1 |     4 ||     5
       Meat ration       |       |       |       |       |       |     1 |     1 ||     2
Armor: Robe              |     7 |       |       |       |       |       |       ||     7
       Chain mail        |    53 |    70 |   101 |   257 |   149 |   258 |   197 ||  1085
       Scale mail        |       |       |       |    86 |   168 |       |       ||   254
       Leather armour    |       |       |       |       |    21 |       |       ||    21
       Plate armour      |       |       |       |       |       |   147 |   207 ||   354
Dodge: Dodged            |    47 |    74 |   165 |   565 |   776 |   705 |   571 ||  2903
       Deflected         |       |       |       |     1 |    12 |    15 |    22 ||    50
Block: Other             |       |     2 |    32 |   170 |    40 |       |       ||   244
       Shield            |       |       |       |       |  1526 |  2509 |  1833 ||  5868
       Reflection        |       |       |       |       |    20 |    45 |   112 ||   177
       Rpst.: Long sword |       |       |       |       |     9 |    21 |       ||    30
       Scimitar          |       |       |       |       |       |    86 |    72 ||   158
